 Dungeon Crawl Stone Soup version 0.22-a0-617-g6d95e9e (webtiles) character file.

198 Hebeh the Magician (level 5, -3/28 HPs)
             Began as a Deep Elf Fire Elementalist on July 12, 2018.
             Killed from afar by an orc wizard (8 damage)
             ... with a magic dart
             ... on level 4 of the Dungeon.
             The game lasted 00:15:56 (3852 turns).

Hebeh the Magician (Deep Elf Fire Elementalist)     Turns: 3852, Time: 00:15:57

Health: -3/28      AC:  2    Str:  5    XL:     5   Next: 47%
Magic:  8/13       EV: 13    Int: 21    God:
Gold:   123        SH:  0    Dex: 15    Spells: 4/13 levels left

rFire    . . .     SeeInvis .   a - +5 whip
rCold    . . .     Gourm    .   (no shield)
rNeg     . . .     Faith    .   m - +0 robe
rPois    .         Spirit   .   (no helmet)
rElec    .         Reflect  .   (no cloak)
rCorr    .         Harm     .   (no gloves)
MR       .....                  (no boots)
Stlth    ++........             (no amulet)
HPRegen  0.09/turn              (no ring)
MPRegen  0.13/turn              (no ring)

@: no status effects
A: no striking features
a: no special abilities


You were on level 4 of the Dungeon.
You were hungry.

You visited 1 branch of the dungeon, and saw 4 of its levels.

You collected 123 gold pieces.

Inventory:

Hand Weapons
 a - a +5 whip (weapon)
Missiles
 f - 10 bolts
 g - 115 stones (quivered)
 h - 35 sling bullets
 l - 15 arrows
Armour
 m - a +0 robe (worn)
Scrolls
 b - a scroll of noise {unknown}
 k - a scroll of immolation {unknown}
 o - 2 scrolls of identify {unknown}
 p - a scroll of teleportation {unknown}
 q - a scroll of enchant armour {unknown}
 r - 2 scrolls of remove curse {unknown}
Potions
 d - a potion of cancellation {unknown}
 e - 2 potions of might {unknown}
 j - a potion of brilliance {unknown}
 n - a potion of ambrosia {unknown}
 s - a potion of curing {unknown}
Comestibles
 c - 5 rations


   Skills:
 - Level 2.4 Dodging
 - Level 2.4 Stealth
 + Level 4.6 Spellcasting
 * Level 4.3 Conjurations
 + Level 4.4 Fire Magic


You had 4 spell levels left.
You knew the following spells:

 Your Spells              Type           Power        Failure   Level  Hunger
a - Flame Tongue          Conj/Fire      ###..        1%          1    None
b - Throw Flame           Conj/Fire      ###...       2%          2    #......
c - Conjure Flame         Conj/Fire      ###.....     5%          3    ##.....
d - Inner Flame           Hex/Fire       ##......     14%         3    ##.....

Your spell library contained the following spells:

 Spells                   Type           Power        Failure   Level  Hunger
 Fireball                 Conj/Fire      ###.......   45%         5    ######.
 Sticky Flame             Conj/Fire      ###.....     19%         4    ####...


Dungeon Overview and Level Annotations

Branches:
Dungeon (4/15)
 Temple: D:4-7

Altars:
Dithmenos
Elyvilon
Qazlal
Ru
Sif Muna


Message History

A puff of flame appears from out of thin air!
The puff of flame hits you!
An orc comes into view. It is wielding a dagger.
A puff of flame appears from out of thin air!
The puff of flame hits you!
You are confused.
You bump into the rock wall.
Found a sedimented golden potion.
There is an open door here.
You're too confused!
You're too confused!
You bump into the rock wall.
You bump into the rock wall.
You feel less confused.
A magic dart appears from out of thin air!
The magic dart hits you!
* * * LOW HITPOINT WARNING * * *
A magic dart appears from out of thin air!
The magic dart hits you!
You die...

,,,,.......###..........**,,,,,,,
,,,,.......* #..........**,******
,,,,.......* #..........**,*
,,,,.......* #..o.......**,*
,,,,.o.....* #..........**,*
,,,,...####* #.o........**,* *
,,,,...* ###'######***,* *
,,,,,,,* ###.#######**,* *
,,,,,,,* #..@.......,,,******
,,****** #..........,,,+,,,,, ***
#..........,,,*****,
#..........,,,* *,
#..........,,,* *,
#........!.,,,* *,
#..........,,,* *,
#..........,,,* **
***+***********


You could see 2 orcs.

Vanquished Creatures
  A worker ant (D:3)
  4 gnolls (D:3)
  4 adders
  2 worms (D:2)
  2 dart slugs (D:1)
  3 leopard geckos
  11 bats
  4 giant cockroaches
  8 goblins
  11 hobgoblins
  4 jackals
  A quokka (D:3)
  13 frilled lizards
  11 kobolds
  15 rats
94 creatures vanquished.

Notes
Turn   | Place    | Note
-------+----------+-------------------------------------------
     0 | D:1      | Hebeh the Deep Elf Fire Elementalist began the quest for the Orb.
     0 | D:1      | Reached XP level 1. HP: 10/10 MP: 6/6
   298 | D:1      | Reached XP level 2. HP: 15/15 MP: 1/8
   722 | D:1      | Reached XP level 3. HP: 19/19 MP: 7/10
  1440 | D:2      | Reached XP level 4. HP: 24/24 MP: 5/11
  1821 | D:2      | Found a sacrificial altar of Ru.
  1825 | D:2      | Found a stormy altar of Qazlal.
  2291 | D:2      | Learned a level 2 spell: Throw Flame
  2295 | D:2      | Learned a level 3 spell: Conjure Flame
  2299 | D:2      | Learned a level 3 spell: Inner Flame
  3121 | D:3      | Reached XP level 5. HP: 28/28 MP: 9/13
  3405 | D:3      | Found a deep blue altar of Sif Muna.
  3739 | D:4      | Found a shadowy altar of Dithmenos.
  3782 | D:4      | Found a white marble altar of Elyvilon.
  3852 | D:4      | Killed from afar by an orc wizard

Vault maps used:
D:1:      evilmike_arrival_fibonacci_small, corexii_item_surrounded_by_moat
D:2:      lemuel_crystal_altar, old_standard_altar, minmay_lizard_king
D:3:      lemuel_blue_sif_altar, first_ration
D:4:      nicolae_dithmenos_shadow_blocks, lemuel_doored_altar,
          yredelemnul_altar_generic

Skill      XL: |  1  2  3  4  5 |
---------------+----------------+-----
Conjurations   | 2 3 4 |  4.3
Spellcasting   | 4 |  4.6
Fire Magic     | 4 |  4.4
Dodging        | |  2.4
Stealth        | |  2.4

Action                   |  1- 3 |  4- 6 || total
-------------------------+-------+-------++-------
Throw: Stone             |    57 |    36 ||    93
 Cast: Flame Tongue      |    63 |    95 ||   158
       Throw Flame       |       |     3 ||     3
       Conjure Flame     |       |     1 ||     1
  Use: Scroll            |       |     2 ||     2
  Eat: Chunk             |     1 |     7 ||     8
Armor: Robe              |     5 |     3 ||     8
Dodge: Dodged            |     9 |    19 ||    28

Table legend:
 A = Spawn XP
 B = Non-spawn XP
 C = Spawn XP percentage of total XP
 D = Spawn monster count
 E = Non-spawn monster count
 F = Spawn count percentage of total count
 G = Total turns spent on level
                    A         B        C        D         E        F      G
               +---------+---------+-------+---------+---------+-------+---------
         Total |       0 |     284 |   0.0 |       0 |      94 |   0.0 |  3852
               +---------+---------+-------+---------+---------+-------+---------
           D:1 |       0 |      52 |   0.0 |       0 |      30 |   0.0 |  1130
           D:2 |       0 |      89 |   0.0 |       0 |      33 |   0.0 |  1192
           D:3 |       0 |     143 |   0.0 |       0 |      31 |   0.0 |  1359
               +---------+---------+-------+---------+---------+-------+---------
